 Dungeon Crawl Stone Soup version 0.28.0-53-g5a82cb258f (webtiles) character file.

Game seed: 4389844872644949439

3198 Stomo the Fighter (level 9, 0/83 HPs)
             Began as a Yellow Draconian Fighter on June 18, 2022.
             Was a Believer of Ru.
             Succumbed to a killer bee's poison
             ... on level 7 of the Dungeon.
             The game lasted 00:17:18 (9914 turns).

Stomo the Fighter (Yellow Draconian Fighter)        Turns: 9914, Time: 00:17:18

Health: 0/83       AC:  9    Str: 23    XL:     9   Next: 64%
Magic:  9/9        EV: 14    Int:  8    God:    Ru [**....]
Gold:   305        SH:  0    Dex: 11    Spells: 8/8 levels left

rFire   . . .      SeeInvis .   o - +1 whip (freeze)
rCold   . . .      Faith    .   (no shield)
rNeg    . . .      Spirit   .   (armour unavailable)
rPois   .          Reflect  .   f - +1 hat
rElec   .          Harm     .   (no cloak)
rCorr   +          Rampage  .   d - +0 pair of gloves
Will    .....                   (no boots)
Stlth   +.........              (no amulet)
HPRegen 0.23/turn               (no ring)
MPRegen 0.11/turn               (no ring)

@: lethally poisoned (0 -> -7), short of breath
A: spit acid, AC +7, unfitting armour, cold-blooded, hated by all, acid
resistance
a: Breathe Acid, Renounce Religion


You were on level 7 of the Dungeon.
You worshipped Ru.
Ru was pleased with you.
You visited 2 branches of the dungeon, and saw 9 of its levels.

You collected 305 gold pieces.

Inventory:

Hand Weapons
 a - a +0 flail
 o - a +1 whip of freezing (weapon)
Armour
 b - a +0 buckler
 d - a +0 pair of gloves (worn)
 f - a +1 hat (worn)
 s - a +1 hat
 C - the +1 robe of the Monkey {rF+}
   (You found it on level 7 of the Dungeon)

   rF:        It protects you from fire.
Jewellery
 t - a +6 ring of strength
 u - a ring of magical power
Wands
 y - a wand of paralysis (1)
Scrolls
 e - 6 scrolls of identify {unknown}
 g - 4 scrolls of fear {unknown}
 i - 2 scrolls of vulnerability {unknown}
 l - a scroll of fog {unknown}
 n - 2 scrolls of blinking {unknown}
 p - a scroll of silence {unknown}
 r - a scroll of enchant armour {unknown}
 v - a scroll of teleportation {unknown}
 w - a scroll of enchant weapon {unknown}
 A - a scroll of holy word {unknown}
 D - a scroll of magic mapping {unknown}
Potions
 c - a potion of might
 h - a potion of resistance {unknown}
 j - 4 potions of heal wounds {unknown}
 k - a potion of mutation {unknown}
 m - 3 potions of degeneration {unknown}
 q - 2 potions of flight {unknown}
 x - 2 potions of ambrosia {unknown}
 z - a potion of curing {unknown}
 B - a potion of berserk rage {unknown}


   Skills:
 + Level 9.3 Fighting
 + Level 8.1 Maces & Flails
 + Level 7.7 Dodging
 - Level 3.0 Shields


You had 8 spell levels left.
You didn't know any spells.
Your spell library contained the following spells:

 Spells                   Type           Power      Damage    Failure   Level
 Ensorcelled Hibernation  Hex/Ice        0%         N/A       54%         2
 Ozocubu's Armour         Ice            0%         N/A       78%         3
 Spider Form              Tmut/Pois      0%         N/A       78%         3
 Anguish                  Hex/Necr       0%         N/A       99%         4
 Orb of Destruction       Conj           0%         9d5       100%        7
 Ozocubu's Refrigeration  Ice            0%         4d5       100%        7
 Summon Guardian Golem    Hex/Summ       Unusable   N/A       N/A         3
 Spellforged Servitor     Conj/Summ      Unusable   N/A       N/A         7

Dungeon Overview and Level Annotations

Branches:
Dungeon (8/15)             Temple (1/1) D:4
   Lair: D:8-11

Altars:
Ashenzari
Cheibriados
Dithmenos
Elyvilon
Fedhas
Gozag
Hepliaklqana
Kikubaaqudgha
Makhleb
Okawaru
Qazlal
Ru
Sif Muna
Trog
Vehumet
Xom
Yredelemnul
The Shining One


Innate Abilities, Weirdness & Mutations

You can spit globs of acid.
Your golden yellow scales are hard. (AC +7)
You cannot fit into any form of body armour.
You are cold-blooded and may be slowed by cold attacks.
You are hated by all.
You are resistant to acid. (rCorr)


Message History

You redirect the killer bee's attack!
The killer bee barely misses itself.
You feel sick. The killer bee misses you.
You feel sick. The wyvern misses you. The killer bee stings you.
You feel sick. The killer bee barely misses you. The wyvern bites you!
* * * LOW HITPOINT WARNING * * *
You feel sick.
The killer bee stings you but does no damage.
You feel sick.
The killer bee stings you but does no damage.
You feel sick. The wyvern misses you.
You feel sick.
You are no longer poisoned.
The wyvern closely misses you. The killer bee closely misses you.
The wyvern barely misses you. The killer bee barely misses you.
The wyvern misses you.
There is a stone staircase leading up here.
The killer bee stings you but does no damage. x2
The wyvern barely misses you.
You climb upwards.
There is a stone staircase leading down here.
Unknown command.
The killer bee barely misses you. The killer bee barely misses you.
The wyvern misses you. The killer bee stings you.
* * * LOW HITPOINT WARNING * * *
You are poisoned.
The killer bee poisons you!
You feel sick. The killer bee stings you.
* * * LOW HITPOINT WARNING * * *
You are lethally poisoned!
The killer bee poisons you!
The wyvern is stunned by your conviction and fails to attack.
* * * LOW HITPOINT WARNING * * *
You feel sick.
The killer bee stings you but does no damage.
The killer bee stings you.
* * * LOW HITPOINT WARNING * * *
You die...

.......# #.........#. ######.#
#.###.#####. ######.# #.#
#....... #...##.# ##.#########'
#.8.##.# ####...## ##..
#...###### #.......# ##...
.........## #.##....####....
.....⌠....########.........#.....
................@.y........).....
....####..########l........#.....
....# #..## #.......####....
....###.##### ####...## ##...
......#.....# #.>.#######..
###.>.#####.# ##.##........ #
#...# #.# ##.##.#####.. # #####
#.# #####...#.#####.. #########
#.# #.....#.......[..


You could see a wyvern and a killer bee.

Vanquished Creatures
  Menkaure (D:6)
  Duvessa (D:6)
  2 black bears
  2 ice beasts
  A sky beast (D:6)
  A necrophage (D:7)
  5 ogres
  A centaur (D:7)
  A kobold brigand (D:8)
  4 bullfrogs
  A gnoll sergeant (D:7)
  A wyvern zombie (D:7)
  3 scorpions
  A water moccasin zombie (D:5)
  A water moccasin skeleton (D:4)
  Dowan (D:6)
  3 killer bees (D:8)
  2 howler monkeys
  2 bullfrog zombies (D:6)
  A centaur zombie (D:6)
  A bullfrog skeleton (D:5)
  A jelly (D:7)
  3 orc priests
  2 centaur skeletons
  A gnoll shaman (D:4)
  Jessica (D:2)
  5 iguanas
  3 orc wizards
  A howler monkey zombie (D:6)
  13 gnolls
  2 adders
  2 white imps (D:7)
  2 worms
  3 dart slugs
  7 orcs
  3 endoplasms
  4 giant cockroaches
  7 goblins
  6 hobgoblins
  7 jackals
  7 quokkas
  10 ball pythons
  A bat (D:1)
  6 frilled lizards
  14 kobolds
  3 rats
150 creatures vanquished.

Vanquished Creatures (others)
  A wyvern (D:8)
  An orc (D:6)
2 creatures vanquished.

Grand Total: 152 creatures vanquished

Notes
Turn   | Place    | Note
-------+----------+-------------------------------------------
     0 | D:1      | Stomo the Draconian Fighter began the quest for the Orb.
     0 | D:1      | Reached XP level 1. HP: 19/19 MP: 1/1
   249 | D:1      | Found a faded altar of an unknown god.
   429 | D:1      | Reached XP level 2. HP: 26/26 MP: 2/2
   564 | D:1      | Reached XP level 3. HP: 28/33 MP: 3/3
   942 | D:2      | Reached skill level 4 in Fighting
  1144 | D:2      | Reached XP level 4. HP: 40/40 MP: 4/4
  1494 | D:2      | Noticed Jessica
  1500 | D:2      | Killed Jessica
  1609 | D:3      | Reached XP level 5. HP: 42/47 MP: 5/5
  2067 | D:3      | Found a snail-covered altar of Cheibriados.
  2240 | D:3      | Found a basalt altar of Yredelemnul.
  2458 | D:4      | Reached skill level 5 in Fighting
  2622 | D:3      | Reached XP level 6. HP: 18/56 MP: 6/6
  3151 | D:4      | Found a white marble altar of Elyvilon.
  3319 | D:4      | Found a staircase to the Ecumenical Temple.
  3331 | Temple   | Entered the Ecumenical Temple
  3821 | Temple   | Became a worshipper of Ru the Awakened
  3868 | D:4      | HP: 1/56 [gnoll/+0 flail (4)]
  3890 | D:4      | HP: 2/56 [ball python (3)]
  4489 | D:4      | Your scales start taking on a golden yellow colour.
  4489 | D:4      | Reached XP level 7. HP: 48/62 MP: 7/7
  4489 | D:4      | Gained mutation: You are resistant to acid. (rCorr) [Yellow
                  | Draconian growth]
  4612 | D:4      | Found a shimmering altar of Xom.
  4784 | D:4      | Found a glowing golden altar of the Shining One.
  4789 | D:4      | Found an iron altar of Okawaru.
  4844 | D:5      | Entered Level 5 of the Dungeon
  4976 | D:5      | Reached skill level 6 in Fighting
  4976 | D:5      | Reached skill level 5 in Maces & Flails
  4976 | D:5      | Reached skill level 5 in Dodging
  5537 | D:5      | Reached XP level 8. HP: 44/71 MP: 8/8
  5959 | D:6      | Gained mutation: You are hated by all. [Ru sacrifice]
  5959 | D:6      | Reached * piety under Ru
  5959 | D:6      | Reached ** piety under Ru
  5992 | D:6      | Reached skill level 7 in Fighting
  6219 | D:6      | Found a shadowy altar of Dithmenos.
  6573 | D:6      | Noticed Menkaure
  6828 | D:6      | Killed Menkaure
  7167 | D:6      | Noticed Duvessa
  7167 | D:6      | Noticed Dowan
  7208 | D:6      | Reached skill level 8 in Fighting
  7217 | D:6      | Killed Duvessa
  7260 | D:6      | Killed Dowan
  7261 | D:6      | Reached XP level 9. HP: 43/81 MP: 9/9
  8871 | D:7      | Identified the +1 robe of the Monkey {rF+}
  9217 | D:7      | Reached skill level 9 in Fighting
  9850 | D:8      | Found a stormy altar of Qazlal.
  9913 | D:7      | HP: 2/83 [killer bee (3)]
  9914 | D:7      | Succumbed to a killer bee's poison

Illustrated notes

Levels and vault maps discovered:
D:1:      lemuel_arrival_room, layout_rooms, ebering_ecumenical_altar_petrified
D:2:      layout_basic, uniq_jessica
D:3:      layout_rooms, lemuel_doored_altar, mainiacjoe_overflow_surrounded_room
D:4:      layout_cave_pools, minitemple, lemuel_round_altar,
          minmay_temple_entry_offerings, minmay_misc_feat_diagonals,
          kennysheep_crisscross
D:5:      layout_loops_ring, nicolae_underground_beach
D:6:      layout_loops_corners, nicolae_dithmenos_the_darkroom, uniq_duvessa,
          uniq_menkaure
D:7:      layout_loops_corners, nicolae_hepliaklqana_hippocampus,
          nicolae_elevator_lobby_asterisk
D:8:      layout_loops_ring, grunt_qazlal_sundering,
          mainiacjoe_overflow_small_starburst, enter_bailey_2,
          serial_park_tiny_pond, minmay_misc_feat_five, minmay_lindwurm_lava,
          uniq_maurice
Temple:   compressed_dpeg_triangle_lava_temple

Skill      XL: |  1  2  3  4  5  6  7  8  9 |
---------------+----------------------------+-----
Dodging        | 3 4 5 6 7 |  7.7
Fighting       | 4 5 6 8 9 |  9.3
Maces & Flails | 3 4 5 7 8 |  8.1
Shields        | |  3.0

Action                   |  1- 3 |  4- 6 |  7- 9 || total
-------------------------+-------+-------+-------++-------
Melee: Flail             |    90 |   118 |       ||   208
       Tailslap          |     5 |    18 |    71 ||    94
       Punch             |       |     5 |     4 ||     9
       Whip              |       |   106 |   330 ||   436
Invok: Sacrifice Love    |       |       |     1 ||     1
 Abil: Breathe Acid      |       |       |    23 ||    23
 Stab: Sleeping          |       |     1 |       ||     1
       Invisible         |       |       |     1 ||     1
Armor: Skin              |    27 |    72 |    89 ||   188
Dodge: Dodged            |    64 |   148 |   182 ||   394
Block: Buckler           |     6 |       |       ||     6
